 Dungeon Crawl Stone Soup version 0.28-a0-664-gc179e30c89 (webtiles) character file.

Game seed: 2465353881115148516

289 ytrimaz the Chopper (level 6, 0/47 HPs)
             Began as a Demonspawn Gladiator on Oct 15, 2021.
             Slain by a gnoll shaman (4 damage)
             ... on level 4 of the Dungeon.
             The game lasted 00:05:38 (4361 turns).

ytrimaz the Chopper (Demonspawn Gladiator)          Turns: 4361, Time: 00:05:39

Health: 0/47       AC:  6    Str: 16    XL:     6   Next: 9%
Magic:  6/6        EV: 16    Int: 10    God:
Gold:   160        SH:  0    Dex: 14    Spells: 5/5 levels left

rFire   . . .      SeeInvis .   a - +0 war axe (vamp)
rCold   + . .      Faith    .   (no shield)
rNeg    . . .      Spirit   .   p - +0 ring mail
rPois   .          Reflect  .   c - +0 helmet
rElec   .          Harm     .   (no cloak)
rCorr   .          Rampage  .   (no gloves)
Will    .....                   (no boots)
Stlth   +.........              (no amulet)
HPRegen 0.15/turn               g - ring of protection from cold
MPRegen 0.10/turn               i - +4 ring of evasion

@: lit by a corona, glowing
A: foul stench 1, demonic magic 2, weakness stinger 2
a: no special abilities


You were on level 4 of the Dungeon.
You visited 1 branch of the dungeon, and saw 4 of its levels.

You collected 160 gold pieces.

Inventory:

Hand Weapons
 a - a +0 vampiric war axe (weapon)
Missiles
 d - 3 throwing nets (quivered)
Armour
 c - a +0 helmet (worn)
 p - a +0 ring mail (worn)
Jewellery
 e - a +6 ring of intelligence
 g - a ring of protection from cold (left hand)
 i - a +4 ring of evasion (right hand)
 l - a ring of magical power
Scrolls
 b - a scroll of blinking {unknown}
 m - a scroll of identify
 o - a scroll of vulnerability {unknown}
Potions
 f - a potion of cancellation
 k - a potion of invisibility


   Skills:
 * Level 3.4 Fighting
 + Level 4.6 Axes
 + Level 1.9 Throwing
 * Level 4.1 Dodging


You had 5 spell levels left.
You didn't know any spells.
Your spell library contained the following spells:

 Spells                   Type           Power      Damage    Failure   Level
 Call Canine Familiar     Summ           0%         N/A       91%         3
 Gell's Gravitas          Tloc           0%         N/A       91%         3
 Portal Projectile        Hex/Tloc       0%         N/A       91%         3
 Teleport Other           Tloc           0%         N/A       91%         3
 Leda's Liquefaction      Hex/Erth       0%         N/A       100%        4
 Passage of Golubria      Tloc           N/A        N/A       100%        4
 Silence                  Hex/Air        0%         N/A       100%        5
 Dispersal                Tloc           0%         N/A       100%        6
 Lehudib's Crystal Spear  Conj/Erth      0%         10d2      100%        8


Dungeon Overview and Level Annotations

Branches:
Dungeon (4/15)
 Temple: D:4-7

Altars:
Fedhas
Zin

Shops:
D:4 =:


Innate Abilities, Weirdness & Mutations

You may rarely emit foul miasma when damaged in melee.
Spells you cast may paralyse nearby enemies.
You have a tail ending in a sharp stinger.


Message History

Your tail-slap misses the gnoll shaman.
The gnoll shaman is moderately wounded.
You barely miss the orc. You closely miss the gnoll. You hit the gnoll.
You kill the gnoll!
The gnoll barely misses you. x2; The gnoll hits you but does no damage.
The gnoll shaman hits you with a +0 whip.
The gnoll closely misses you. The orc hits you with a +0 whip.
The ball python misses you. x2
The gnoll hits you from afar with a +0 spear.
The gnoll closely misses you.
The gnoll hits you from afar with a +0 halberd!
You barely miss the gnoll shaman.
The gnoll shaman is moderately wounded.
You hit the orc.
You kill the orc!
You slash the gnoll! You barely miss the ball python.
The ball python bites you but does no damage.
The ball python closely misses you. The gnoll barely misses you.
The gnoll shaman hits you with a +0 whip!
* * * LOW HITPOINT WARNING * * *
The gnoll hits you but does no damage.
The gnoll hits you from afar with a +0 spear.
* * * LOW HITPOINT WARNING * * *
The gnoll hits you from afar with a +0 halberd.
* * * LOW HITPOINT WARNING * * *
You closely miss the gnoll shaman.
The gnoll shaman is moderately wounded.
You hit the ball python.
You feel better.
You kill the ball python!
You hit the gnoll.
You kill the gnoll!
The gnoll hits you but does no damage.
The gnoll hits you from afar with a +0 halberd.
* * * LOW HITPOINT WARNING * * *
The gnoll hits you from afar with a +0 spear.
* * * LOW HITPOINT WARNING * * *
Unknown command.
Okay, then.
The gnoll shaman hits you with a +0 whip.
You die...

.....## ##...#
..#
......######...##
..#
..............##
.#
..............#
.##
..##########..##
... ..# #...#
.... ..# ##..#
..... ..#
#..###.(.... #..
#...@g...... ..##
###.)g)g....##
#..#
##...#..g.####
#..##
##...##....#
#...#
##...####...#
#<.###...## #...#
#.......## #...#
#......## ##..#
###.....## ..#


You could see a gnoll shaman and 3 gnolls.

Vanquished Creatures
  A phantom (D:4)
  A centaur skeleton (D:3)
  A hound zombie (D:4)
  A howler monkey skeleton (D:4)
  5 adders
  2 gnolls (D:4)
  A white imp (D:3)
  A worm (D:2)
  5 dart slugs
  6 orcs
  7 ball pythons
  5 bats
  6 endoplasms
  4 giant cockroaches
  7 hobgoblins
  8 kobolds
  4 quokkas
  A frilled lizard (D:1)
  6 goblins
  2 rats
74 creatures vanquished.

Vanquished Creatures (others)
  A fungus (D:1)
  8 plants (D:2)
9 creatures vanquished.

Grand Total: 83 creatures vanquished

Notes
Turn   | Place    | Note
-------+----------+-------------------------------------------
     0 | D:1      | ytrimaz the Demonspawn Gladiator began the quest for the
                  | Orb.
     0 | D:1      | Reached XP level 1. HP: 16/16 MP: 1/1
    82 | D:1      | Discovered your monstrous ancestry.
    82 | D:1      | Gained mutation: You have a small tail. [demonic ancestry]
    82 | D:1      | Reached XP level 2. HP: 6/22 MP: 2/2
   838 | D:1      | Found a faded altar of an unknown god.
  1033 | D:1      | Gained mutation: You have a tail ending in a sharp stinger.
                  | [demonic ancestry]
  1033 | D:1      | Reached XP level 3. HP: 27/27 MP: 3/3
  1471 | D:2      | Found a blossoming altar of Fedhas.
  1743 | D:2      | Gained mutation: You may rarely emit foul miasma when
                  | damaged in melee. [demonic ancestry]
  1743 | D:2      | Reached XP level 4. HP: 26/34 MP: 4/4
  3542 | D:3      | Gained mutation: Spells you cast may paralyse adjacent
                  | enemies. [demonic ancestry]
  3542 | D:3      | Reached XP level 5. HP: 40/40 MP: 5/5
  3768 | D:4      | Found Tiprail's Book Emporium.
  3806 | D:4      | Noticed a phantom
  3833 | D:4      | Killed a phantom
  4154 | D:4      | Found Fimeunam's Jewellery Boutique.
  4254 | D:4      | Gained mutation: Spells you cast may paralyse nearby
                  | enemies. [demonic ancestry]
  4254 | D:4      | Reached XP level 6. HP: 47/47 MP: 6/6
  4361 | D:4      | Slain by a gnoll shaman

Illustrated notes

Levels and vault maps discovered:
D:1:      grunt_arrival_crossed_arrows, layout_rooms,
          shapermc_ecumenical_altar_ellora
D:2:      layout_loops_corners, serial_forest, infiniplex_forest_clump_cross,
          infiniplex_forest_lined_3_way, infiniplex_forest_lined_room_,
          infiniplex_forest_clump_C, infiniplex_forest_end_2,
          infiniplex_forest_straight_4, infiniplex_forest_clump_diagonal,
          infiniplex_forest_zigzag_1, basic_altar
D:3:      layout_loops_ring, zin_scriptorium, uniq_terence
D:4:      layout_layer_cave, serial_shops, shop, kennysheep_mini,
          nicolae_shop_waterfront, shop, kennysheep_little_box

Skill      XL: |  1  2  3  4  5 |
---------------+----------------+-----
Dodging        | 3 4 |  4.1
Axes           | 3 4 |  4.6
Fighting       | 3 |  3.4
Throwing       | |  1.9

Action                   |  1- 3 |  4- 6 || total
-------------------------+-------+-------++-------
Melee: War axe           |    91 |   124 ||   215
       Tailslap          |    10 |    12 ||    22
  Use: Scroll            |       |     6 ||     6
       Potion            |       |     3 ||     3
 Stab: Sleeping          |     1 |       ||     1
       Distracted        |       |     1 ||     1
       Invisible         |       |     1 ||     1
Armor: Leather armour    |    42 |     4 ||    46
       Ring mail         |       |    36 ||    36
Dodge: Dodged            |    74 |   161 ||   235

Table legend: (Time is in decaauts)
 A = Elapsed time spent in this place.
 B = Non-inter-level travel time spent in this place.
 C = Inter-level travel time spent in this place.
 D = Time resting spent in this place.
 E = Time spent auto-exploring this place.
 F = Levels seen in this place.
 G = Mean time per level.
                   A        B        C        D        E       F      G
               +--------+--------+--------+--------+--------+-----+--------+
         Total |   4429 |   4311 |    118 |    696 |   2900 |   4 | 1107.2 |
       Dungeon |   4429 |   4311 |    118 |    696 |   2900 |   4 | 1107.2 |
               +--------+--------+--------+--------+--------+-----+--------+

Top non-repeatable levels by time:
     D:2: 1532 daAuts
     D:3: 1208 daAuts
     D:1: 1073 daAuts
     D:4: 616 daAuts
